 Dungeon Crawl Stone Soup version 0.18-a0-1784-ga939a68 (webtiles) character file.

132 George the Shield-Bearer (level 5, -5/42 HPs)
             Began as a Formicid Fighter on Apr 18, 2016.
             Splashed by Ijyb's acid (9 damage)
             ... on level 2 of the Dungeon.
             The game lasted 00:02:40 (1966 turns).

George the Shield-Bearer (Formicid Fighter)         Turns: 1966, Time: 00:02:40

Health: -5/42      AC:  8    Str: 22    XL:     5   Next: 38%
Magic:  5/5        EV:  9    Int:  7    God:
Gold:   40         SH:  9    Dex: 10    Spells: 0 memorised, 4 levels left

rFire  . . .     SeeInvis +     a - +0 long sword
rCold  . . .     Gourm    .     n - +0 scale mail (curse)
rNeg   . . .     Faith    .     c - +0 shield
rPois  .         Spirit   .     (helmet unavailable)
rElec  .         Dismiss  .     (no cloak)
rCorr  .         Reflect  .     s - +0 pair of gloves
SustAt .         Harm     .     (no boots)
MR     .....                    p - amulet of magic regeneration
Stlth  ..........               (no ring)
                                m - +1 ring of evasion

@: not resistant to hostile enchantments, extremely unstealthy
A: permanent stasis, dig shafts and tunnels, four strong arms, antennae 3
a: Dig, Shaft Self


You were on level 2 of the Dungeon.
You were not hungry.

You visited 1 branch of the dungeon, and saw 3 of its levels.

You collected 40 gold pieces.

Inventory:

Hand Weapons
 a - a +0 long sword (weapon)
Armour
 c - a +0 shield (worn)
 n - a cursed +0 scale mail (worn)
 s - a +0 pair of gloves (worn)
Jewellery
 m - a +1 ring of evasion (left hand)
 p - an amulet of magic regeneration (around neck)
Scrolls
 g - a scroll of identify {unknown}
 h - a scroll of amnesia {unknown}
 j - a scroll of fog {unknown}
 o - a scroll of enchant armour {unknown}
 q - a scroll of teleportation {unknown}
 r - a scroll of remove curse {unknown}
Potions
 d - a potion of might
 i - 2 potions of brilliance {unknown}
 l - 2 potions of agility {unknown}
 t - a potion of flight {unknown}
Comestibles
 f - a bread ration
 k - a meat ration


   Skills:
 + Level 4.2 Fighting
 + Level 3.1 Long Blades
 + Level 4.2 Armour
 + Level 4.4 Shields


You had 4 spell levels left.
You didn't know any spells.

Dungeon Overview and Level Annotations

Branches:
Dungeon (3/15)

Altars:
Ashenzari
Cheibriados

Annotations:
D:2 Ijyb


Innate Abilities, Weirdness & Mutations

You are under a permanent stasis effect.
You can dig through walls and to a lower floor.
Your four strong arms can wield two-handed weapons with a shield.
You have a pair of large antennae on your head (SInv).


Message History

The goblin shouts!
There is a stone staircase leading down here.
You extend your mandibles.
You dig through the rock wall.
The orc hits you but does no damage. Space bends around you.
Ijyb screams, "Me kill you!" The goblin hits you with a club.
You dig through the rock wall.
You retract your mandibles.
You barely miss the orc.
The orc hits you with a hand axe of distortion.
You feel a strange sense of stasis.
The orc hits you with a hand axe of distortion.
Space warps horribly around you!
You hit the orc but do no damage.
Ijyb zaps a wand.
The bolt of acid hits the orc.
The orc dies!
The bolt of acid hits you!
* * * LOW HITPOINT WARNING * * *
The acid burns!
You die...

...####.........#_## #.......
.).#####........### ######.......
.).##...........#####(...(.......
...##........##(......####.......
..###........#####....####.......
#............#.....##.....###..##
######...#####.##########.####.#
##..#####g### ### #...##.#
##......g)@# #.# ###....##
#..###.)g### #.# ####..# ###..#
###.# #.# #..# #####....# #.##
#)## #### ......##.# #..## #(.###
########.# #...####.(.##
...(..##.#####....# ###(.##
#####..#.##....##.## ##(.##
##.#.##.##.##..######(.###


You could see Ijyb and 2 goblins.

Vanquished Creatures
  4 gnolls (D:2)
  4 adders (D:2)
  A worm (D:2)
  A dart slug (D:2)
  A giant gecko (D:2)
  A giant cockroach (D:2)
  8 goblins
  4 hobgoblins
  3 jackals (D:1)
  12 kobolds
  7 bats
  2 giant newts (D:2)
  6 rats
54 creatures vanquished.

Vanquished Creatures (others)
  An orc (D:2)
1 creature vanquished.

Grand Total: 55 creatures vanquished

Notes
Turn   | Place    | Note
--------------------------------------------------------------
     0 | D:1      | George the Formicid Fighter began the quest for the Orb.
     0 | D:1      | Reached XP level 1. HP: 18/18 MP: 1/1
    66 | D:1      | Found a shattered altar of Ashenzari.
   106 | D:1      | Reached XP level 2. HP: 22/24 MP: 2/2
   552 | D:1      | Reached XP level 3. HP: 30/30 MP: 3/3
   872 | D:2      | Reached XP level 4. HP: 20/37 MP: 4/4
   878 | D:2      | HP: 1/37 [gnoll/spear (2)]
  1209 | D:2      | Found a snail-covered altar of Cheibriados.
  1258 | D:2      | Reached XP level 5. HP: 27/42 MP: 5/5
  1933 | D:3      | Noticed Ijyb
  1966 | D:2      | Splashed by Ijyb's acid

Vault maps used:
D:1:      enne_arrival_octagon_isle, ashenzari_altar_1
D:2:      kennysheep_slug_shrine, lexackson_kobold_supper
D:3:      portal_sewer_entry_a, uniq_terence, uniq_grinder, uniq_iyjb

Skill      XL: |  1  2  3  4  5 |
---------------+----------------+-----
Shields        | 4 |  4.4
Fighting       | 4 |  4.2
Armour         | 4 |  4.2
Long Blades    | 3 |  3.1

Action                   |  1- 3 |  4- 6 || total
-------------------------+-------+-------++-------
Melee: Long sword        |   113 |   110 ||   223
 Abil: Dig               |       |     2 ||     2
  Eat: Chunk             |       |     4 ||     4
Armor: Scale mail        |    60 |    49 ||   109
Dodge: Dodged            |    57 |    40 ||    97
Block: Shield            |    67 |    65 ||   132
